Map: Rhoskallian LE

Players

DiabloLM

  • Race: Terran Terran
  • League: Platinum
  • Spawn Location: 12:00

Glores

  • Race: Protoss Protoss
  • League: Diamond
  • Spawn Location: 11:00

qqq - Winner!

  • Race: Zerg Zerg
  • Spawn Location: 6:00

Massa - Winner!

  • Race: Terran Terran
  • League: Platinum
  • Spawn Location: 5:00

VOD

Have the link to the VOD?

Description

Time

  • Played on: Feb. 28, 2021, 2:51 p.m.
  • Length: 6:10
Show
View Real Time Build Order
Export as new Build Order

DiabloLM Terran 

Build Orders:  

Get SALT Encoding   

  12  0:00  SCV  
  13  0:13  SCV  
  14  0:19  Supply Depot  
  14  0:25  SCV  
  15  0:33  Refinery  
  15  0:40  SCV  
  16  0:46  Barracks  
  16  0:52  SCV  
  17  0:59  Refinery  
  16  1:35  SCV  
  17  1:48  SCV  
  18  1:58  Marine  
  18  2:00  SCV  
  20  2:06  Factory  
  20  2:19  Command Center  
  20  2:29  Barracks Reactor  
  20  2:45  SCV  
  21  2:53  Hellion  
  21  2:57  SCV  
  20  3:40  Orbital Command  
  19  4:05  Hellion x2  
  22  4:26  Hellion  
  22  4:31  Hellion  
  5  5:06  SCV  
  6  5:17  Hellion x2  
  6  5:18  SCV  
  11  5:30  SCV  
  12  5:38  Hellion  
  12  5:39  Hellion  
  15  5:42  SCV  
Show
View Real Time Build Order
Export as new Build Order

Glores Protoss 

Build Orders: Oracle Opening 

Get SALT Encoding   

  12  0:00  Probe  
  13  0:12  Probe  
  14  0:19  Pylon  
  14  0:24  Probe  
  15  0:37  Probe (Chrono Boost)  
  15  0:39  Gateway  
  16  0:49  Probe (Chrono Boost), Assimilator  
  17  0:53  Probe (Chrono Boost)  
  18  1:03  Probe  
  19  1:15  Probe (Chrono Boost), Assimilator  
  20  1:25  Probe (Chrono Boost)  
  21  1:30  Probe  
  22  1:34  Cybernetics Core  
  22  1:54  Nexus  
  22  2:05  Probe, Pylon  
  23  2:23  Probe, Stargate  
  24  2:35  Probe  
  25  2:47  Probe  
  26  2:59  Probe, Stalker (Chrono Boost)  
  28  3:09  Probe, Shield Battery  
  28  3:10  Oracle (Chrono Boost)  
  28  3:12  Probe  
  29  3:16  Warp Gate  
  32  3:22  Probe  
  32  3:24  Probe  
  34  3:34  Probe  
  35  3:36  Probe  
  36  3:45  Void Ray  
  36  3:46  Probe  
  36  3:48  Probe  
  38  3:58  Probe  
  38  4:00  Probe  
  38  4:02  Shield Battery  
  40  4:10  Probe  
  40  4:12  Probe  
  40  4:22  Probe, Void Ray  
  38  4:24  Pylon  
  38  4:31  Probe, Shield Battery  
  42  4:34  Probe  
  42  4:43  Probe  
  28  5:06  Probe x2  
  28  5:09  Void Ray  
  28  5:18  Probe x2  
  34  5:30  Probe  
  34  5:31  Probe  
  33  5:43  Probe x2  
  30  5:55  Probe  
Show
View Real Time Build Order
Export as new Build Order

qqq Zerg - Winner!

Build Orders: Hatch First 

Get SALT Encoding   

  12  0:00  Drone  
  13  0:12  Drone  
  14  0:18  Overlord  
  14  0:45  Hatchery  
  13  0:51  Drone  
  13  0:52  Drone  
  15  1:11  Spawning Pool  
  14  1:27  Drone x2  
  14  1:28  Drone  
  17  1:33  Extractor  
  16  1:51  Drone x2  
  18  2:05  Queen  
  18  2:07  Queen  
  22  2:11  Drone, Extractor  
  22  2:12  Drone x2  
  24  2:20  Drone x2  
  27  2:30  Zergling x2  
  27  2:33  Overlord  
  28  2:47  Extractor  
  28  2:51  Zergling x4  
  28  2:53  Metabolic Boost  
  28  2:55  Zergling x4, Overlord  
  32  3:13  Drone x2  
  32  3:14  Zergling x2  
  32  3:18  Zergling x4  
  37  3:20  Zergling x2, Overlord  
  37  3:21  Zergling x4  
  37  3:25  Zergling x2  
  41  3:31  Evolution Chamber  
  40  3:35  Lair  
  40  3:43  Zergling x6  
  43  3:55  Zergling x6  
  45  3:56  Zergling x2  
  46  4:03  Zergling x4  
  46  4:04  Zergling x2  
  48  4:15  Zergling x8  
  51  4:21  Spore Crawler  
  51  4:23  Spore Crawler  
  47  4:24  Drone  
  45  4:43  Zergling x2  
  45  4:44  Zergling x12  
  50  4:49  Zergling x2  
  42  5:02  Zergling x4  
  41  5:10  Zergling x4  
  43  5:17  Spire  
  43  5:18  Zergling x4  
Show
View Real Time Build Order
Export as new Build Order

Massa Terran - Winner!

Build Orders: Reaper Expand 

Get SALT Encoding   

  12  0:00  SCV  
  13  0:12  SCV  
  14  0:22  Supply Depot  
  14  0:24  SCV  
  15  0:44  SCV  
  15  0:45  Barracks  
  16  0:50  Refinery  
  16  0:56  SCV  
  17  1:08  SCV  
  18  1:20  SCV  
  19  1:35  Orbital Command  
  19  1:38  Reaper  
  20  1:45  Command Center  
  20  2:03  Supply Depot  
  20  2:07  Barracks  
  20  2:12  SCV  
  21  2:19  Reaper  
  22  2:26  SCV  
  23  2:42  SCV  
  24  2:51  Reaper  
  24  2:54  Factory  
  25  3:26  Reaper x2  
  26  3:43  Factory Tech Lab  
  26  3:45  SCV  
  26  3:46  Orbital Command  
  27  3:51  Barracks  
  27  3:52  Barracks  
  27  3:54  Refinery  
  27  3:57  SCV, Engineering Bay  
  28  4:09  SCV  
  29  4:11  Widow Mine  
  29  4:14  Barracks Tech Lab  
  29  4:15  Barracks Reactor  
  31  4:29  Missile Turret  
  30  4:43  Missile Turret  
  30  4:44  Barracks Reactor, Barracks Tech Lab  
  30  4:45  Widow Mine  
  30  4:49  Marauder, Missile Turret  
  31  4:56  Marine x2  
  33  5:01  SCV x2  
  33  5:06  Missile Turret  
  35  5:08  Refinery  
  35  5:10  Marine  
  35  5:12  Missile Turret  
  35  5:13  SCV x2  
  38  5:14  Marine x2  
  38  5:16  Cyclone  
  38  5:17  Marine  
  44  5:24  Refinery  
  44  5:25  SCV x2  
  44  5:27  Missile Turret  
  46  5:33  Supply Depot  
  46  5:34  Missile Turret  
  46  5:36  Supply Depot  
  46  5:39  Supply Depot  
  46  5:55  SCV x2  
  54  5:58  Starport  
Tags
 
Add a new tag
Caveats
  • Supply blocks, unpowered buildings, or Contaminate may cause inaccurate times.
  • Supply counts are checked every 10 seconds.